 Dungeon Crawl Stone Soup version 0.30.1-3-gfc49f6343a (webtiles) character file.

Game seed: 9334096848575623473

49 Destapler the Insei (level 3, 26/26 HPs)
             Began as a Demonspawn Transmuter on July 30, 2023.
             Got out of the dungeon alive.
             The game lasted 00:03:45 (806 turns).

Destapler the Insei (Demonspawn Transmuter)          Turns: 806, Time: 00:03:46

Health: 26/26      AC:  2    Str: 10    XL:     3   Next: 53%
Magic:  6/6        EV: 12    Int: 16    God:
Gold:   61         SH:  4    Dex: 13    Spells: 3/6 levels left

rFire   . .          .
                       - Unarmed
rCold   . . .        (no shield)
rNeg    . . .        a - +0 robe
rPois   .            (helmet restricted)
rElec   .            (no cloak)
rCorr   .            (no gloves)
SInv    .            (no boots)
Will    .....        (no amulet)
Stlth   ++           (no ring)
HPRegen 0.24/turn    (no ring)
MPRegen 0.10/turn

%: no passive effects
@: no status effects
A: antennae 1, condensation shield
a: no special abilities


You escaped.
You visited 1 branch of the dungeon, and saw 1 of its levels.

You collected 61 gold pieces.

Inventory:

Armour
 a - a +0 robe (worn)
Jewellery
 f - a ring of willpower
Scrolls
 b - a scroll of teleportation {unknown}
 c - a scroll of torment {unknown}
Potions
 e - a potion of heal wounds


   Skills:
 + Level 1.6 Fighting
 + Level 2.1 Dodging
 + Level 1.0 Stealth
 + Level 3.0 Unarmed Combat
 + Level 2.3 Spellcasting
 + Level 0.0 Translocations
 + Level 2.1 Transmutations


You had 3 spell levels left.
You knew the following spells:

 Your Spells              Type           Power      Damage    Failure   Level
a - Beastly Appendage     Tmut           16%        N/A       9%          1
b - Wereblood             Tmut           8%         N/A       13%         2

Your spell library contained the following spells:

 Spells                   Type           Power      Damage    Failure   Level
 Blink                    Tloc           2%         N/A       30%         2
 Lesser Beckoning         Tloc           2%         N/A       30%         2
 Momentum Strike          Conj/Tloc      2%         3d8       30%         2
 Spider Form              Tmut/Pois      5%         N/A       36%         3
 Ice Form                 Ice/Tmut       5%         N/A       78%         4


Dungeon Overview and Level Annotations

Branches:
Dungeon (1/15)

Altars:


Innate Abilities, Weirdness & Mutations

You have a pair of small antennae on your head.
A meltable shield of frost defends you. (SH +4)


Message History

Nothing appears to happen.
Your feet morph into talons.
The hobgoblin hits you.
You hit the hobgoblin. You claw the hobgoblin.
You kill the hobgoblin!
No target in view!
No target in view!
Your magical contamination has completely faded away.
Your transformation is almost over.
Your talons disappear.
Magic restored.
You see here a hobgoblin corpse.
You open the door.
There is an open door here.
You open the door.
A hobgoblin comes into view.
The hobgoblin shouts!
Your feet morph into talons.
You extend your transformation's duration.
The hobgoblin hits you but does no damage.
You hit the hobgoblin but do no damage. Your punch misses the hobgoblin.
The hobgoblin closely misses you.
You barely miss the hobgoblin. The hobgoblin closely misses you.
You hit the hobgoblin but do no damage.
You claw the hobgoblin, but do no damage.
The hobgoblin closely misses you.
You hit the hobgoblin but do no damage.
Your transformation is almost over.
The hobgoblin closely misses you.
You hit the hobgoblin.
You kill the hobgoblin!
It was a potion of curing.
You feel better.
It was a potion of heal wounds.
You feel much better.
Your talons disappear.
There is an open door here.
There is a staircase leading out of the dungeon here.
Are you sure you want to leave the Dungeon?
This will make you lose the game!
Alright, then stay!
Are you sure you want to leave the Dungeon?
This will make you lose the game!
You have escaped!

#####.#.################
....#.#................##
......#..#..............#
###.###....###.###.###..#
#.#................#..#
#.#.....#........###..#
#................# #..#
#####.##..#....###.#
#..#>...#
.....'#####....'@'.#
#..#....#
######≈≈≈≈#.########
#..#....# ######≈...#..
...####..#....#
.....#≈...#..
........>#....#
######≈...#...
##.####..#....#
.....#≈...#.## #..#....#
####.#####+.# # #..†....#
##......# .. .##
##.#....# ........# ...#
#.#....#


There were no monsters in sight!

Vanquished Creatures
  A gnoll (D:1)
  A dart slug (D:1)
  7 ball pythons (D:1)
  2 endoplasms (D:1)
  2 giant cockroaches (D:1)
  4 goblins (D:1)
  3 hobgoblins (D:1)
  2 jackals (D:1)
  2 kobolds (D:1)
  2 quokkas (D:1)
  6 bats (D:1)
  2 frilled lizards (D:1)
34 creatures vanquished.

Notes
Turn   | Place    | Note
-------+----------+-------------------------------------------
     0 | D:1      | Destapler the Demonspawn Transmuter began the quest for the
                  | Orb.
     0 | D:1      | Reached XP level 1. HP: 15/15 MP: 3/3
   201 | D:1      | Gained mutation: A meltable shield of frost defends you.
                  | (SH +4) [demonic ancestry]
   201 | D:1      | Reached XP level 2. HP: 14/21 MP: 3/5
   415 | D:1      | Learned a level 2 spell: Wereblood
   535 | D:1      | Lost mutation: You have a pair of horns on your head.
                  | [demonic ancestry]
   535 | D:1      | Lost mutation: You have a pair of small horns on your head.
                  | [demonic ancestry]
   535 | D:1      | Gained mutation: You have a pair of small antennae on your
                  | head. [demonic ancestry]
   535 | D:1      | Reached XP level 3. HP: 22/26 MP: 4/6
   623 | D:1      | Reached skill level 1 in Stealth
   623 | D:1      | Reached skill level 3 in Unarmed Combat
   806 | D:$      | Got out of the dungeon alive.

Illustrated notes

Levels and vault maps discovered:
D:1:      dpeg_arrival_tiny_c, layout_basic, chequers_serial_rivers_room_a,
          minmay_misc_feat_square

Skill      XL: |  1  2  3 |
---------------+----------+-----
Dodging        | 2 |  2.1
Transmutations | 2 |  2.1
Stealth        | 1 |  1.0
Unarmed Combat | 3 |  3.0
Fighting       | |  1.6
Spellcasting   | |  2.3

Action                     || total
---------------------------++-------
  Melee: Unarmed           ||   100
         Kick              ||    21
         Headbutt          ||     9
         Punch             ||     1
   Cast: Beastly Appendage ||    18
         Wereblood         ||     2
    Use: Potion            ||     3
 Armour: Robe              ||    26
         Skin              ||     8
  Dodge: Dodged            ||    92
  Block: Other             ||    21
